 Dungeon Crawl Stone Soup version 0.22-a0-772-gac08f70 (webtiles) character file.

11982 OMEGAGNULL the Thaumaturge (level 11, -1/129 HPs)
             Began as a Gnoll Skald on July 17, 2018.
             Was an Elder of Okawaru.
             Slain by Meatbag's ghost (9 damage)
             ... on level 10 of the Dungeon.
             The game lasted 00:39:39 (10922 turns).

OMEGAGNULL the Thaumaturge (Gnoll Skald)           Turns: 10922, Time: 00:39:40

Health: -1/129     AC: 25    Str: 22    XL:     11   Next: 86%
Magic:  17/23      EV:  2    Int: 16    God:    Okawaru [****..]
Gold:   220        SH:  0    Dex: 19    Spells: 15/26 levels left

rFire    . . .     SeeInvis +   b - +1 halberd
rCold    . . .     Gourm    .   (shield currently unavailable)
rNeg     + + +     Faith    .   (armour currently unavailable)
rPois    +         Spirit   .   (helmet currently unavailable)
rElec    .         Reflect  .   (cloak currently unavailable)
rCorr    .         Harm     .   (gloves currently unavailable)
MR       .....     NoTele   +   (boots currently unavailable)
Stlth    ++++++....             (no amulet)
HPRegen  0.31/turn              t - ring of see invisible
MPRegen  0.18/turn              (no ring)

@: mighty, agile, tree-form, heroism, infused (expiring), hasted, very quick
A: distributed training, strong nose
a: Heroism, Renounce Religion


You were on level 10 of the Dungeon.
You worshipped Okawaru.
Okawaru was greatly pleased with you.
You were not hungry.
You were a tree.
You visited 2 branches of the dungeon, and saw 11 of its levels.

You collected 654 gold pieces.
You spent 434 gold pieces at shops.

Inventory:

Hand Weapons
 b - a +1 halberd (weapon)
Armour
 e - a +2 plate armour of cold resistance
 k - a +0 chain mail (melded)
 l - a +0 cloak (melded)
 o - a +0 helmet (melded)
Jewellery
 t - a ring of see invisible (left branch)
 D - an uncursed ring of protection from magic {unknown}
Wands
 w - a wand of paralysis (11)
 x - a wand of polymorph (16)
Scrolls
 a - 2 scrolls of remove curse
 f - 2 scrolls of teleportation
 h - 2 scrolls of magic mapping
 j - a scroll of immolation
 n - a scroll of enchant armour {unknown}
 r - 2 scrolls of amnesia {unknown}
 u - 2 scrolls of enchant weapon
 v - a scroll of fear {unknown}
 y - a scroll of torment {unknown}
 E - 3 scrolls of identify
Potions
 g - 4 potions of curing
 i - 2 potions of cancellation
 p - 2 potions of flight
 q - a potion of agility
 s - 4 potions of haste
 z - 2 potions of magic
 A - a potion of might
 B - a potion of berserk rage {unknown}
 C - a potion of ambrosia {unknown}
Comestibles
 d - 24 rations


   Skills:
 + Level 8.1(13.1) Fighting
 + Level 6.5(11.5) Short Blades
 + Level 6.5(11.5) Long Blades
 + Level 6.5(11.5) Axes
 + Level 6.5(11.5) Maces & Flails
 + Level 8.1(13.1) Polearms
 + Level 6.5(11.5) Staves
 + Level 6.5(11.5) Slings
 + Level 6.5(11.5) Bows
 + Level 6.5(11.5) Crossbows
 + Level 6.5(11.5) Throwing
 + Level 7.1(12.1) Armour
 + Level 8.1(13.1) Dodging
 + Level 6.5(11.5) Stealth
 + Level 6.5(11.5) Shields
 + Level 6.5(11.5) Unarmed Combat
 + Level 8.3 Spellcasting
 + Level 5.4 Conjurations
 + Level 5.4 Hexes
 + Level 7.8 Charms
 + Level 5.4 Summonings
 + Level 5.4 Necromancy
 + Level 5.4 Translocations
 + Level 5.4 Transmutations
 + Level 5.4 Fire Magic
 + Level 5.4 Ice Magic
 + Level 5.4 Air Magic
 + Level 5.4 Earth Magic
 + Level 5.4 Poison Magic
 + Level 7.2 Invocations
 + Level 6.5 Evocations


You had 15 spell levels left.
You knew the following spells:

 Your Spells              Type           Power        Failure   Level  Hunger
a - Infusion              Chrm           ####         1%          1    None
b - Shroud of Golubria    Chrm/Tloc      ####......   1%          2    None
c - Regeneration          Chrm/Necr      ####......   1%          3    #......
d - Spectral Weapon       Hex/Chrm       ####....     1%          3    #......
S - Song of Slaying       Chrm           ####....     1%          2    None

Your spell library contained the following spells:

 Spells                   Type           Power        Failure   Level  Hunger


Dungeon Overview and Level Annotations

Branches:
Dungeon (10/15)            Temple (1/1) D:6            Lair (0/6) D:9
    Orc (0/2) D:9

Altars:
Ashenzari
Cheibriados
Dithmenos
Elyvilon
Fedhas
Gozag
Hepliaklqana
Kikubaaqudgha
Makhleb
Nemelex Xobeh
Okawaru
Qazlal
Ru
Sif Muna
Trog
Uskayaw
Vehumet
Wu Jian
Xom
Yredelemnul
Zin
The Shining One

Shops:
D:7 =:!*

Annotations:
D:4 Edmund
D:10 Meatbag's ghost, journeyman MiBe


Innate Abilities, Weirdness & Mutations

Your experience applies equally to all skills.
((You have very sharp teeth.))
Your uncanny sense of smell can sniff out nearby items.


Message History

You closely miss Meatbag's ghost.
Meatbag's ghost is moderately damaged.
Your spectral weapon hits Meatbag's ghost!
You hit Meatbag's ghost.
Meatbag's ghost is moderately damaged.
Your spectral weapon closely misses Meatbag's ghost.
Meatbag's ghost hits you.
You hit Meatbag's ghost.
Meatbag's ghost is moderately damaged.
Your spectral weapon hits Meatbag's ghost but does no damage.
Meatbag's ghost hits you!
You closely miss Meatbag's ghost.
Meatbag's ghost is moderately damaged.
Your spectral weapon hits Meatbag's ghost but does no damage.
You impale Meatbag's ghost!!
Meatbag's ghost is heavily damaged.
Your spectral weapon barely misses Meatbag's ghost.
Meatbag's ghost hits you!!
* * * LOW HITPOINT WARNING * * *
You die...

#.§.# #.).#
###########################.#####
........................##.###...
...........#..#........###.###...
...........#..#........##.###....
.................................
##############.W(......#..#######
.............#.#♣.#..#.#.........
###.##########.........#########.
###.# #...#######'#############.
.##.# #.#.#.....................
.##.# #...#..##################.
.##.####...#..#......#.#.#.######
.##.#..#...#..#......#.....#.....
.##.#..#...####......'...$##.....
.##.#..#.#...........'...?.#.....


You could see Meatbag's ghost and a friendly spectral halberd.

Vanquished Creatures
  4 two-headed ogres
  Joseph (D:9)
  Grinder (D:4)
  2 hippogriffs
  Prince Ribbit (D:9)
  11 yaks
  A steam dragon (D:8)
  Menkaure (D:6)
  A soldier ant (D:8)
  Duvessa (D:6)
  A water moccasin (D:8)
  5 orc warriors
  A black bear (D:7)
  4 sky beasts
  A swamp drake (D:8)
  2 necrophages
  5 ogres
  4 phantoms
  5 centaurs
  A crocodile (D:8)
  A big kobold (D:10)
  3 bullfrogs
  2 water moccasin zombies
  Dowan (D:6)
  3 scorpions
  A killer bee (D:8)
  4 wights (D:9)
  2 howler monkeys
  An electric eel (D:8)
  3 crimson imps
  2 bullfrog zombies (D:5)
  3 centaur skeletons
  5 hounds
  A wyvern simulacrum (D:10)
  5 centaur zombies
  3 jellies
  An orc priest (D:10)
  2 bullfrog skeletons
  4 orc wizards
  Crazy Yiuf (D:4)
  5 iguanas
  4 worker ants
  2 hound zombies
  A hound skeleton (D:6)
  A worker ant zombie (D:6)
  3 gnolls (D:6)
  2 howler monkey skeletons
  10 adders
  A river rat (D:8)
  2 shadow imps
  2 oozes (D:3)
  An adder skeleton (D:6)
  3 worms
  5 dart slugs
  5 leopard geckos
  24 orcs
  6 giant cockroaches
  12 goblins
  4 hobgoblins
  13 jackals
  4 quokkas
  A ball python (D:2)
  8 bats
  7 frilled lizards
  9 kobolds
  A quokka skeleton (D:6)
  6 rats
243 creatures vanquished.

Vanquished Creatures (others)
  A plant (D:8)
  4 spectral weapons
5 creatures vanquished.

Grand Total: 248 creatures vanquished

Notes
Turn   | Place    | Note
-------+----------+-------------------------------------------
     0 | D:1      | OMEGAGNULL the Gnoll Skald began the quest for the Orb.
     0 | D:1      | Reached XP level 1. HP: 20/20 MP: 6/6
    94 | D:1      | Reached XP level 2. HP: 25/26 MP: 2/7
    98 | D:1      | Learned a level 2 spell: Shroud of Golubria
   933 | D:2      | Reached XP level 3. HP: 31/31 MP: 9/9
   949 | D:2      | Learned a level 3 spell: Regeneration
   954 | D:2      | Learned a level 3 spell: Spectral Weapon
  1044 | D:2      | Reached skill level 5 in Spellcasting
  1232 | D:2      | Reached skill level 1 in Invocations
  1336 | D:2      | Reached skill level 1 in Short Blades
  1336 | D:2      | Reached skill level 1 in Long Blades
  1336 | D:2      | Reached skill level 1 in Axes
  1336 | D:2      | Reached skill level 1 in Maces & Flails
  1336 | D:2      | Reached skill level 1 in Staves
  1336 | D:2      | Reached skill level 1 in Slings
  1336 | D:2      | Reached skill level 1 in Bows
  1336 | D:2      | Reached skill level 1 in Crossbows
  1336 | D:2      | Reached skill level 1 in Throwing
  1336 | D:2      | Reached skill level 1 in Stealth
  1336 | D:2      | Reached skill level 1 in Shields
  1336 | D:2      | Reached skill level 1 in Unarmed Combat
  1336 | D:2      | Reached skill level 1 in Evocations
  1579 | D:3      | Reached XP level 4. HP: 35/38 MP: 8/11
  1605 | D:3      | Learned a level 2 spell: Song of Slaying
  1858 | D:3      | Reached skill level 1 in Conjurations
  1858 | D:3      | Reached skill level 1 in Hexes
  1858 | D:3      | Reached skill level 1 in Summonings
  1858 | D:3      | Reached skill level 1 in Necromancy
  1858 | D:3      | Reached skill level 1 in Translocations
  1858 | D:3      | Reached skill level 1 in Transmutations
  1858 | D:3      | Reached skill level 1 in Fire Magic
  1858 | D:3      | Reached skill level 1 in Ice Magic
  1858 | D:3      | Reached skill level 1 in Air Magic
  1858 | D:3      | Reached skill level 1 in Earth Magic
  1858 | D:3      | Reached skill level 1 in Poison Magic
  2122 | D:4      | Reached XP level 5. HP: 43/43 MP: 8/12
  2235 | D:4      | Found a runed door.
  2242 | D:4      | Noticed Crazy Yiuf
  2245 | D:4      | Killed Crazy Yiuf
  2306 | D:4      | Noticed Edmund
  2588 | D:4      | Noticed an ogre
  2595 | D:4      | Killed an ogre
  2595 | D:4      | Reached XP level 6. HP: 32/50 MP: 6/13
  2786 | D:4      | Found a hazy altar of Hepliaklqana.
  2805 | D:4      | Noticed a phantom
  2820 | D:4      | Killed a phantom
  2820 | D:4      | Reached skill level 5 in Fighting
  2820 | D:4      | Reached skill level 5 in Polearms
  2820 | D:4      | Reached skill level 5 in Dodging
  3020 | D:4      | Noticed Grinder
  3030 | D:4      | Reached XP level 7. HP: 53/56 MP: 6/15
  3044 | D:4      | Paralysed by Grinder for 6 turns
  3242 | D:4      | Paralysed by Grinder for 6 turns
  3265 | D:4      | Killed Grinder
  3347 | D:5      | Entered Level 5 of the Dungeon
  3567 | D:5      | Reached XP level 8. HP: 47/63 MP: 0/16
  3944 | D:5      | Found a radiant altar of Vehumet.
  3944 | D:5      | Found a faded altar of an unknown god.
  3949 | D:5      | Found a burning altar of Makhleb.
  3955 | D:5      | Found a faded altar of an unknown god.
  3957 | D:5      | Found a shimmering altar of Xom.
  4425 | D:6      | Noticed Duvessa
  4443 | D:6      | Noticed Dowan
  4451 | D:6      | Killed Duvessa
  4461 | D:6      | Killed Dowan
  4592 | D:6      | Reached XP level 9. HP: 62/69 MP: 9/18
  4702 | D:6      | Noticed Menkaure
  4717 | D:6      | Killed Menkaure
  4856 | D:6      | Found a staircase to the Ecumenical Temple.
  5193 | Temple   | Entered the Ecumenical Temple
  5326 | Temple   | Became a worshipper of Warmaster Okawaru
  5654 | D:7      | Found Yliemebesk's Jewellery Shoppe.
  5658 | D:7      | Bought an uncursed ring of see invisible for 210 gold pieces
  5710 | D:7      | Found a glowing golden altar of the Shining One.
  5753 | D:7      | Found a bloodstained altar of Trog.
  5754 | D:7      | Found a basalt altar of Yredelemnul.
  5779 | D:7      | Found Kuidghabb's General Store.
  6038 | D:7      | Reached skill level 5 in Armour
  6208 | D:7      | Found Odicoroi's Book Boutique.
  6235 | D:7      | Found Pebb's Distillery.
  6238 | D:7      | Bought a potion of haste for 160 gold pieces
  6268 | D:7      | Bought a potion of might for 64 gold pieces
  6355 | D:8      | Noticed a two-headed ogre
  6624 | D:8      | Killed a two-headed ogre
  6624 | D:8      | Reached * piety under Okawaru
  6624 | D:8      | Reached skill level 5 in Invocations
  6624 | D:8      | Reached XP level 10. HP: 71/77 MP: 13/20
  6909 | D:8      | Noticed a two-headed ogre
  6918 | D:8      | Killed a two-headed ogre
  6918 | D:8      | Reached ** piety under Okawaru
  6918 | D:8      | Reached skill level 5 in Short Blades
  6918 | D:8      | Reached skill level 5 in Long Blades
  6918 | D:8      | Reached skill level 5 in Axes
  6918 | D:8      | Reached skill level 5 in Maces & Flails
  6918 | D:8      | Reached skill level 5 in Staves
  6918 | D:8      | Reached skill level 5 in Slings
  6918 | D:8      | Reached skill level 5 in Bows
  6918 | D:8      | Reached skill level 5 in Crossbows
  6918 | D:8      | Reached skill level 5 in Throwing
  6918 | D:8      | Reached skill level 5 in Stealth
  6918 | D:8      | Reached skill level 5 in Shields
  6918 | D:8      | Reached skill level 5 in Unarmed Combat
  6918 | D:8      | Reached skill level 5 in Evocations
  7118 | D:8      | Noticed a two-headed ogre
  7128 | D:8      | Killed a two-headed ogre
  7996 | D:9      | Reached *** piety under Okawaru
  8076 | D:9      | Received a gift from Okawaru
  8289 | D:9      | Found a staircase to the Lair.
  8303 | D:9      | Noticed Prince Ribbit
  8309 | D:9      | Noticed a two-headed ogre
  8312 | D:9      | Killed Prince Ribbit
  8318 | D:9      | Killed a two-headed ogre
  8318 | D:9      | Reached XP level 11. HP: 84/84 MP: 15/22
  8328 | D:9      | Got a fine flail
  8332 | D:9      | Identified the cursed +1 flail "Loathaan" {venom, rN+ Str+4} (You found it on level 9 of the Dungeon)
  8699 | D:9      | Noticed Joseph
  8713 | D:9      | Killed Joseph
  8713 | D:9      | Reached skill level 5 in Conjurations
  8713 | D:9      | Reached skill level 5 in Hexes
  8713 | D:9      | Reached skill level 5 in Summonings
  8713 | D:9      | Reached skill level 5 in Necromancy
  8713 | D:9      | Reached skill level 5 in Translocations
  8713 | D:9      | Reached skill level 5 in Transmutations
  8713 | D:9      | Reached skill level 5 in Fire Magic
  8713 | D:9      | Reached skill level 5 in Ice Magic
  8713 | D:9      | Reached skill level 5 in Air Magic
  8713 | D:9      | Reached skill level 5 in Earth Magic
  8713 | D:9      | Reached skill level 5 in Poison Magic
  8944 | D:9      | Found a staircase to the Orcish Mines.
  9147 | D:10     | Entered Level 10 of the Dungeon
  9210 | D:10     | Reached **** piety under Okawaru
  9322 | D:10     | Found a runed gate.
  9334 | D:10     | Found a runed gate.
  9335 | D:10     | Found a runed gate.
  9337 | D:10     | Noticed Meatbag's ghost (journeyman MiBe)
 10579 | D:10     | Reached ***** piety under Okawaru
 10922 | D:10     | Slain by Meatbag's ghost

Vault maps used:
D:1:      dpeg_arrival_ternary
D:4:      nicolae_overflow_hidden_temple, first_ration, uniq_edmund,
          uniq_crazy_yiuf_cottage, uniq_grinder
D:5:      chequers_temple_overflow_minitemple, minmay_ogre_servants
D:6:      minmay_temple_entry_statues, uniq_menkaure, uniq_duvessa
D:7:      gammafunk_temple_overflow_forgotten, serial_shops, kennysheep_mini,
          kennysheep_mini_moat, shop, shop_statue
D:8:      cheibrodos_two_vegetables
D:9:      lair_entry_dummy, david_orc_4, uniq_prince_ribbit1, uniq_joseph
D:10:     gammafunk_ghost_necromancy, grunt_ogre_cave
Temple:   regret_index_temple_waves

Skill      XL: |  1  2  3  4  5  6  7  8  9 10 11 |
---------------+----------------------------------+-----
Spellcasting   | 5 6 7 8 |  8.3
Invocations    | 1 2 3 4 5 6 7 |  7.2
Short Blades   | 1 2 3 4 5 6 |  6.5
Long Blades    | 1 2 3 4 5 6 |  6.5
Axes           | 1 2 3 4 5 6 |  6.5
Maces & Flails | 1 2 3 4 5 6 |  6.5
Staves         | 1 2 3 4 5 6 |  6.5
Slings         | 1 2 3 4 5 6 |  6.5
Bows           | 1 2 3 4 5 6 |  6.5
Crossbows      | 1 2 3 4 5 6 |  6.5
Throwing       | 1 2 3 4 5 6 |  6.5
Stealth        | 1 2 3 4 5 6 |  6.5
Shields        | 1 2 3 4 5 6 |  6.5
Unarmed Combat | 1 2 3 4 5 6 |  6.5
Evocations     | 1 2 3 4 5 6 |  6.5
Conjurations   | 1 2 3 4 5 |  5.4
Hexes          | 1 2 3 4 5 |  5.4
Summonings     | 1 2 3 4 5 |  5.4
Necromancy     | 1 2 3 4 5 |  5.4
Translocations | 1 2 3 4 5 |  5.4
Transmutations | 1 2 3 4 5 |  5.4
Fire Magic     | 1 2 3 4 5 |  5.4
Ice Magic      | 1 2 3 4 5 |  5.4
Air Magic      | 1 2 3 4 5 |  5.4
Earth Magic    | 1 2 3 4 5 |  5.4
Poison Magic   | 1 2 3 4 5 |  5.4
Armour         | 3 4 5 6 7 |  7.1
Fighting       | 5 6 7 8 |  8.1
Polearms       | 5 6 7 8 |  8.1
Dodging        | 5 6 7 8 |  8.1
Charms         | 6 7 |  7.8

Action                   |  1- 3 |  4- 6 |  7- 9 | 10-12 || total
-------------------------+-------+-------+-------+-------++-------
Melee: Spear             |   100 |   129 |    83 |       ||   312
       Bite              |     4 |    10 |    24 |    46 ||    84
       Punch             |     1 |       |     5 |       ||     6
       Trident           |       |       |   147 |       ||   147
       Halberd           |       |       |    73 |   339 ||   412
 Cast: Infusion          |    11 |     5 |     6 |     6 ||    28
       Spectral Weapon   |     6 |    14 |    33 |    46 ||    99
       Regeneration      |     2 |     2 |    20 |    18 ||    42
       Shroud of Golubri |     1 |     5 |    12 |    17 ||    35
Invok: Heroism           |       |       |       |    10 ||    10
Evoke: Wand              |       |       |       |     9 ||     9
  Use: Scroll            |     5 |     1 |     4 |     8 ||    18
       Potion            |       |       |       |     6 ||     6
 Stab: Sleeping          |     2 |       |     3 |     3 ||     8
       Distracted        |       |       |     3 |     4 ||     7
  Eat: Chunk             |     3 |     6 |     9 |    14 ||    32
       Ration            |       |       |     2 |     1 ||     3
Armor: Leather armour    |     3 |       |       |       ||     3
       Ring mail         |    10 |    12 |    68 |    43 ||   133
       Chain mail        |       |       |       |   117 ||   117
       Skin              |       |       |       |     1 ||     1
Dodge: Dodged            |    47 |    43 |   160 |   230 ||   480

Table legend:
 A = Spawn XP
 B = Non-spawn XP
 C = Spawn XP percentage of total XP
 D = Spawn monster count
 E = Non-spawn monster count
 F = Spawn count percentage of total count
 G = Total turns spent on level
                    A         B        C        D         E        F      G
               +---------+---------+-------+---------+---------+-------+---------
         Total |       0 |   17118 |   0.0 |       0 |     243 |   0.0 | 10922
               +---------+---------+-------+---------+---------+-------+---------
           D:1 |       0 |      31 |   0.0 |       0 |      17 |   0.0 |   876
           D:2 |       0 |      46 |   0.0 |       0 |      17 |   0.0 |   688
           D:3 |       0 |      86 |   0.0 |       0 |      24 |   0.0 |   937
           D:4 |       0 |     800 |   0.0 |       0 |      18 |   0.0 |   858
           D:5 |       0 |     747 |   0.0 |       0 |      29 |   0.0 |  1061
           D:6 |       0 |    1196 |   0.0 |       0 |      30 |   0.0 |   990
           D:7 |       0 |     875 |   0.0 |       0 |      10 |   0.0 |   840
           D:8 |       0 |    4558 |   0.0 |       0 |      25 |   0.0 |  1528
           D:9 |       0 |    4115 |   0.0 |       0 |      39 |   0.0 |  1488
          D:10 |       0 |    4664 |   0.0 |       0 |      34 |   0.0 |  1503
               +---------+---------+-------+---------+---------+-------+---------
